 Dungeon Crawl Stone Soup version 0.25.1-2-g60ff931df9 (webtiles) character file.

Game seed: 4192297475127574554

180259 gruber the Crack Shot (level 17, -13/244 HPs)
             Began as a Centaur Hunter on Oct 13, 2020.
             Was the Champion of Okawaru.
             Mangled by an ettin
             ... wielding a +0 dire flail
              (32 damage)
             ... on level 1 of the Vaults.
             The game lasted 01:03:31 (43330 turns).

gruber the Crack Shot (Centaur Hunter)             Turns: 43330, Time: 01:03:32

Health: -13/244    AC: 38    Str: 28    XL:     17   Next: 31%
Magic:  5/5        EV:  3    Int: 10    God:    Okawaru [******]
Gold:   2470       SH:  5    Dex: 10    Spells: 16/16 levels left

rFire    + . .     SeeInvis .   O - +8 Wrath of Trog {antimagic, *Rage}
rCold    + . .     Gourm    .   (shield currently unavailable)
rNeg     . . .     Faith    .   c - +9 gold dragon scales
rPois    +         Spirit   .   b - +2 helmet
rElec    .         Reflect  +   G - +2 cloak
rCorr    .         Harm     .   B - +0 pair of gloves
MR       ++...     Rnd*Rage +   C - +1 centaur barding {Fly}
Stlth    ..........             z - amulet of reflection
HPRegen  0.50/turn              A - +6 ring of strength
MPRegen  0.09/turn              t - ring of protection from magic

@: mighty, berserking, flying, slowed, lightly drained, very quick
A: large, hooves 3, deformed body, speed 2, tough skin 3
}: 1/15 runes: decaying
a: Heroism, Finesse, Renounce Religion, Stop Flying


You were on level 1 of the Vaults.
You worshipped Okawaru.
Okawaru was exalted by your worship.
You were not hungry.

You visited 7 branches of the dungeon, and saw 29 of its levels.
You also visited: Bailey, Ice Cave and Volcano.

You collected 3842 gold pieces.
You spent 1372 gold pieces at shops.

Inventory:

Hand Weapons
 x - a +5 longbow of flaming
 O - the +8 Wrath of Trog (weapon) {antimagic, *Rage}
   (You found it in a bailey)

   It reduces the magical energy of the wielder, and disrupts the spells and
   magical abilities of those hit.
   Natural abilities and divine invocations are not affected.
   It may make you go berserk in combat.
 P - a +2 antimagic executioner's axe
Missiles
 d - 175 arrows
Armour
 b - a +2 helmet (worn)
 c - +9 gold dragon scales (worn)
 B - a +0 pair of gloves (worn)
 C - a +1 centaur barding of flying (worn)
 G - a +2 cloak (worn)
Jewellery
 e - the ring "Hola" {Wiz rF+ MR+ Slay-4}
   (You found it on level 3 of the Lair of Beasts)

   [ring of wizardry]

   It improves your spell success rate.
   It affects your accuracy and damage with ranged weapons and melee attacks
   (-4).
   It protects you from fire.
   It affects your resistance to hostile enchantments.
 t - a ring of protection from magic (right hand)
 z - an amulet of reflection (around neck)
 A - a +6 ring of strength (left hand)
 D - an uncursed ring of resist corrosion
 L - the ring "Yloqoani" {Ice Str+3 SInv}
   (You took it off an orc on level 9 of the Dungeon)

   [ring of ice]

   It enhances your ice magic.
   It affects your strength (+3).
   It makes you vulnerable to fire.
   It protects you from cold.
   It lets you see invisible.
 W - an uncursed ring of positive energy
Wands
 y - a wand of random effects (15)
 H - a wand of paralysis (15)
 S - a wand of polymorph (28)
 T - a wand of flame (36)
 V - a wand of iceblast (21)
 Y - a wand of enslavement (11)
 Z - a wand of acid (20)
Scrolls
 g - a scroll of fog
 h - 9 scrolls of remove curse
 i - a scroll of fear
 n - 2 scrolls of silence
 o - 4 scrolls of magic mapping
 r - 4 scrolls of amnesia
 s - a scroll of summoning
 u - 3 scrolls of blinking
 w - 13 scrolls of teleportation
 E - a scroll of brand weapon
 N - 2 scrolls of holy word
 Q - a scroll of vulnerability
 U - 5 scrolls of immolation
Potions
 a - a potion of invisibility
 j - 4 potions of curing
 k - 4 potions of haste
 l - 5 potions of stabbing
 m - 5 potions of mutation
 p - 4 potions of heal wounds
 q - 3 potions of brilliance
 v - 4 potions of lignification
 F - 2 potions of berserk rage
 I - a potion of resistance
 J - 4 potions of might
 R - 5 potions of flight
 X - 4 potions of magic
Comestibles
 f - 45 rations
 K - 3 chunks of flesh


   Skills:
 * Level 18.0(17.3) Fighting
 - Level 12.1(11.5) Axes
 - Level 22.3(21.5) Bows
 - Level 11.0(10.4) Armour
 - Level 4.2(3.7) Dodging
 - Level 0.4(0.0) Stealth
 - Level 1.1(0.7) Invocations


You had 16 spell levels left.
You didn't know any spells.
Your spell library contained the following spells:

 Spells                   Type           Power        Failure   Level  Hunger
 Animate Skeleton         Necr           N/A          100%        1    ##.....
 Apportation              Tloc           #.....       100%        1    ##.....
 Corona                   Hex            #......      100%        1    ##.....
 Infusion                 Chrm           #...         100%        1    ##.....
 Magic Dart               Conj           #...         100%        1    ##.....
 Pain                     Necr           #...         100%        1    ##.....
 Summon Small Mammal      Summ           #...         100%        1    ##.....
 Blink                    Tloc           N/A          100%        2    ###....
 Call Imp                 Summ           #.......     100%        2    ###....
 Ensorcelled Hibernation  Hex/Ice        #.....       100%        2    ###....
 Shroud of Golubria       Chrm/Tloc      #.....       100%        2    ###....
 Slow                     Hex            #.......     100%        2    ###....
 Song of Slaying          Chrm           #.......     100%        2    ###....
 Call Canine Familiar     Summ           #.......     100%        3    ####...
 Confusing Touch          Hex            #.......     100%        3    ####...
 Conjure Flame            Conj/Fire      #.......     100%        3    ####...
 Dazzling Flash           Conj/Hex       #.....       100%        3    ####...
 Mephitic Cloud           Conj/Pois/Air  #.......     100%        3    ####...
 Ozocubu's Armour         Chrm/Ice       #.......     100%        3    ####...
 Spectral Weapon          Hex/Chrm       #.......     100%        3    ####...
 Summon Guardian Golem    Hex/Summ       #.......     100%        3    ####...
 Tukima's Dance           Hex            #.......     100%        3    ####...
 Vampiric Draining        Necr           #.........   100%        3    ####...
 Animate Dead             Necr           N/A          100%        4    #####..
 Summon Ice Beast         Ice/Summ       #.......     100%        4    #####..
 Summon Lightning Spire   Summ/Air       #.......     100%        4    #####..
 Agony                    Necr           #.......     100%        5    ######.


Dungeon Overview and Level Annotations

Branches:
Dungeon (14/15)            Temple (1/1) D:7            Lair (6/6) D:11
  Swamp (4/4) Lair:4        Snake (1/4) Lair:2        Slime (0/5) Lair:6
    Orc (2/2) D:9             Elf (0/3) Orc:2        Vaults (1/5) D:13
 Bailey (visited)           IceCv (visited)         Volcano (visited)

Altars:
Ashenzari
Cheibriados
Dithmenos
Elyvilon
Fedhas
Gozag
Hepliaklqana
Okawaru
Ru
Trog
Vehumet
Wu Jian
Yredelemnul
The Shining One
Beogh
Jiyva

Shops:
D:7 *   D:13 *   Orc:2 ([=*!

Annotations:
D:5 2 runed translucent doors, Farlane's ghost, novice DEFE
D:13 3 runed translucent doors, Diongodu's ghost, journeyman MiBe
Lair:4 3 runed translucent doors, lepoulpe303's ghost, journeyman DrHu
Lair:5 2 transporters, Dymatry's ghost, journeyman GnWz
Snake:1 Roxanne


Innate Abilities, Weirdness & Mutations

You have hooves in place of feet.
Armour fits poorly on your strangely shaped body.
You cover ground very quickly.
You have extremely tough skin. (AC +3)


Message History

The ettin hits you but does no damage.
The ettin hits you with a +0 great mace!!
* * * LOW HITPOINT WARNING * * *
The centaur warrior hits you but does no damage.
The yaktaur captain shoots a bolt.
The bolt hits you!!
* * * LOW HITPOINT WARNING * * *
The centaur warrior shoots an arrow.
The ogre mage gestures wildly while chanting.
The ogre mage blinks!
Something hits you.
* * * LOW HITPOINT WARNING * * *
Something drains your vigour!
You feel yourself slow down.
Unknown command.
Unknown command.
Unknown command.
Okay, then.
A red film seems to cover your vision as you go berserk!
You feel yourself moving faster!
You feel mighty! The centaur warrior barely misses you.
The centaur warrior shoots an arrow.
The ettin hits you with a +0 dire flail!!
You die...

###... ..## ..O...
..... ...... .....
......# #.....
.p.....##.c.c..
#.p.p......# #cCc{..#
...# #@.#
...##############+###
.....#.#.#.#..#.#.#.#
.....#.#.#.#..#.#.#.#
.....#..^...........#
.....#..............#
.....#...........)..#
.....#......##......#
.....#......##......#


You could see a vault warden, 2 yaktaur captains, an ettin (strong), 2 centaur
warriors, an ogre mage, a vault sentinel and an ironbrand convoker.

Vanquished Creatures
  Frances (Swamp:1)
  3 thorn hunters (Swamp:4)
  Kirke (Lair:4)
  Donald (Swamp:4)
  An orc warlord (Orc:2)
  2 vault wardens (Vaults:1)
  A reaper (IceCv)
  2 vampire knights (Swamp:4)
  A red draconian (Volcano)
  Snorg (Orc:1)
  Josephine (D:14)
  Harold (D:7)
  A great orb of eyes (Vaults:1)
  4 shambling mangroves
  24 hydras
  An ice dragon (Lair:6)
  The ghost of sixsigma the Thaumaturge, a journeyman GnWz of Ashenzari (Lair:1)
  3 centaur warriors
  2 dancing weapons (D:13)
  6 two-headed ogres
  16 alligators
  An ogre mage (Volcano)
  3 orc high priests (Orc:2)
  2 tengu warriors
  Sonja (D:13)
  3 spriggans
  A flayed ghost (Swamp:4)
  An unseen horror (D:12)
  2 spriggan druids (Swamp:4)
  9 swamp dragons
  2 spectral hydras (Swamp:4)
  An unseen horror (shapeshifter) (D:14)
  2 ironbrand convokers (Vaults:1)
  A lindwurm (Lair:6)
  6 orc knights
  5 oklob plants
  7 ugly things
  A manticore (D:13)
  3 cyclopes
  3 orc sorcerers (Orc:2)
  6 elephants (Lair:5)
  5 torpor snails (Lair:6)
  7 black mambas
  4 centaur zombies
  A molten gargoyle (Volcano)
  2 vault sentinels (Vaults:1)
  2 ice statues (IceCv)
  2 gargoyles
  Psyche (D:8)
  2 yaktaurs (Vaults:1)
  11 spiny frogs
  10 komodo dragons
  5 rime drakes
  10 ice devils (IceCv)
  A kobold demonologist (D:12)
  5 trolls
  A death drake zombie (Swamp:4)
  3 freezing wraiths (Swamp:4)
  5 hydra zombies (Swamp:4)
  9 polar bears (Lair:6)
  15 hornets
  A meliai (shapeshifter) (Vaults:1)
  14 tyrant leeches
  2 hydra skeletons (Swamp:4)
  14 blink frogs
  13 slime creatures
  3 raiju (Lair:6)
  5 dream sheep (Lair:4)
  5 bog bodies
  10 hippogriffs
  2 water elementals (D:14)
  2 shadows
  Eustachio (D:4)
  6 wraiths
  26 yaks
  3 wyverns
  6 fire bats (Volcano)
  3 hogs (Lair:4)
  2 basilisks
  21 vampire mosquitoes
  A hungry ghost (D:13)
  Menkaure (D:6)
  11 insubstantial wisps
  17 swamp worms
  11 wargs
  3 nagas
  14 water moccasins
  6 hydra simulacra
  12 hell hounds (Lair:6)
  9 porcupines
  13 black bears
  7 swamp drakes
  3 sky beasts
  2 ice beasts
  38 orc warriors
  2 phantoms (D:5)
  An eye of draining (shapeshifter) (D:14)
  2 swamp dragon zombies (Swamp:4)
  26 wolves
  15 ogres
  15 centaurs
  6 crocodiles
  3 big kobolds
  15 bullfrogs
  A wyvern zombie (D:10)
  7 scorpions
  A blink frog simulacrum (Lair:1)
  An elephant simulacrum (Lair:1)
  11 killer bees
  6 howler monkeys
  10 wights
  7 crimson imps
  9 hounds
  2 bullfrog zombies
  6 lava snakes (Volcano)
  3 centaur skeletons
  2 quasits
  3 jellies
  15 orc priests
  A water moccasin simulacrum (Lair:1)
  3 bullfrog skeletons
  6 iguanas
  9 worker ants
  5 hell rats (Lair:4)
  25 orc wizards
  A hound zombie (D:8)
  2 porcupine simulacra (Lair:1)
  A hound skeleton (D:7)
  A worker ant zombie (D:6)
  3 gnolls (D:7)
  20 adders
  A crocodile simulacrum (Lair:1)
  4 shadow imps
  19 white imps
  6 ufetubi (IceCv)
  An ooze (D:3)
  2 worms
  A dart slug (D:2)
  4 leopard geckos
  105 orcs
  A ball python (D:1)
  8 bats
  5 giant cockroaches
  9 goblins
  9 hobgoblins
  5 jackals
  3 quokkas
  26 kobolds
  2 leopard gecko skeletons (D:5)
  6 rats
  A fungus (Lair:3)
  7 plants
993 creatures vanquished.

Vanquished Creatures (others)
  A yaktaur (Vaults:1)
  5 white imps (IceCv)
  An ufetubus (IceCv)
  32 fungi
  35 plants
74 creatures vanquished.

Grand Total: 1067 creatures vanquished

Notes
Turn   | Place    | Note
-------+----------+-------------------------------------------
     0 | D:1      | gruber the Centaur Hunter began the quest for the Orb.
     0 | D:1      | Reached XP level 1. HP: 17/17 MP: 1/1
   144 | D:1      | Reached skill level 6 in Bows
   144 | D:1      | Reached XP level 2. HP: 22/24 MP: 2/2
   973 | D:1      | Reached XP level 3. HP: 23/29 MP: 3/3
  1769 | D:2      | Reached skill level 7 in Bows
  2497 | D:3      | Reached XP level 4. HP: 36/36 MP: 4/4
  2647 | D:3      | Reached skill level 8 in Bows
  2901 | D:3      | Reached skill level 15 in Bows
  2901 | D:3      | Reached XP level 5. HP: 41/41 MP: 5/5
  2902 | D:3      | Reached skill level 5 in Fighting
  2902 | D:3      | Reached XP level 6. HP: 56/56 MP: 6/6
  3321 | D:4      | Reached XP level 7. HP: 61/61 MP: 7/7
  4651 | D:4      | Noticed Eustachio
  4663 | D:4      | Killed Eustachio
  4663 | D:4      | Reached XP level 8. HP: 60/71 MP: 8/8
  4882 | D:5      | Entered Level 5 of the Dungeon
  5086 | D:5      | Found a runed translucent door.
  5640 | D:5      | Found a runed translucent door.
  5833 | D:5      | Noticed Farlane's ghost (novice DEFE)
  5897 | D:5      | Reached XP level 9. HP: 62/81 MP: 9/9
  6167 | D:6      | Noticed Menkaure
  6172 | D:6      | Killed Menkaure
  7144 | D:7      | Noticed Harold
  7876 | D:7      | Found a staircase to the Ecumenical Temple.
  7885 | Temple   | Entered the Ecumenical Temple
  8037 | Temple   | Became a worshipper of Warmaster Okawaru
  8583 | D:8      | Noticed Psyche
  8599 | D:8      | Killed Psyche
  8599 | D:8      | Reached skill level 16 in Bows
  8599 | D:8      | Reached XP level 10. HP: 86/91 MP: 10/10
  8639 | D:8      | Reached * piety under Okawaru
  8863 | D:8      | HP: 4/91 [orc warrior/+0 hand axe (12)]
  8889 | D:8      | Noticed a cyan ugly thing
  9369 | D:7      | Killed Harold
  9924 | D:7      | Found Plog's Assorted Antiques.
 10580 | D:8      | Found a white marble altar of Elyvilon.
 10691 | D:8      | Killed a cyan ugly thing
 10691 | D:8      | Reached ** piety under Okawaru
 10691 | D:8      | Reached skill level 17 in Bows
 11523 | D:9      | Found a staircase to the Orcish Mines.
 11634 | D:9      | Got a translucent leather armour
 11635 | D:9      | Identified the +1 leather armour of the Dolphin {Harm rElec
                  | MR+} (You found it on level 9 of the Dungeon)
 11667 | D:9      | Reached *** piety under Okawaru
 11947 | D:9      | Identified the ring "Yloqoani" {Ice Str+3 SInv}
 12049 | D:9      | Reached XP level 11. HP: 72/97 MP: 11/11
 12058 | D:9      | Reached skill level 18 in Bows
 12420 | D:10     | Entered Level 10 of the Dungeon
 12576 | D:10     | Noticed a centaur warrior
 12592 | D:10     | Killed a centaur warrior
 12592 | D:10     | Reached skill level 1 in Invocations
 12959 | D:10     | Found a flagged portal.
 12983 | Bailey   | Entered a bailey
 13554 | Bailey   | Found the +8 Wrath of Trog {antimagic, *Rage}
 13834 | Bailey   | Reached **** piety under Okawaru
 14395 | Bailey   | Reached XP level 12. HP: 87/104 MP: 12/12
 14915 | D:10     | Reached skill level 19 in Bows
 16304 | D:11     | Received a gift from Okawaru
 16417 | D:11     | Found a staircase to the Lair.
 17140 | D:12     | Received a gift from Okawaru
 17191 | D:12     | Noticed a tengu warrior
 17213 | D:12     | Killed a tengu warrior
 18090 | D:12     | Reached ***** piety under Okawaru
 18090 | D:12     | Received a gift from Okawaru
 18561 | D:12     | Found a shadowy altar of Dithmenos.
 18612 | D:12     | Reached skill level 10 in Axes
 18723 | D:13     | Reached XP level 13. HP: 68/111 MP: 13/13
 18919 | D:13     | Found a gate to the Vaults.
 19478 | D:13     | Received a gift from Okawaru
 19742 | D:13     | Noticed Sonja
 19754 | D:13     | Killed Sonja
 20071 | D:13     | Found a runed translucent gate.
 20072 | D:13     | Found a runed translucent gate.
 20073 | D:13     | Found a runed translucent gate.
 20074 | D:13     | Found an opulent altar of Gozag.
 20075 | D:13     | Found Turih's Assorted Antiques.
 20075 | D:13     | Noticed a stone giant
 20075 | D:13     | Noticed Diongodu's ghost (journeyman MiBe)
 20542 | D:14     | Noticed Josephine
 20551 | D:14     | Killed Josephine
 20841 | D:14     | Received a gift from Okawaru
 21069 | D:14     | Reached skill level 5 in Armour
 21590 | D:14     | Found a glowing golden altar of the Shining One.
 21738 | Lair:1   | Entered Level 1 of the Lair of Beasts
 22057 | Lair:1   | Got a distressingly furry ring mail
 22059 | Lair:1   | Identified the cursed +0 ring mail of Latykk {Dex+3} (You
                  | found it on level 1 of the Lair of Beasts)
 22080 | Lair:1   | Found a runed translucent gate.
 22111 | Lair:1   | Found a runed translucent gate.
 22113 | Lair:1   | Found a runed translucent gate.
 22258 | Lair:1   | Noticed sixsigma's ghost (journeyman GnWz)
 22916 | Lair:1   | Killed sixsigma's ghost
 22971 | Lair:1   | Got the ring "Wytiw" {Fire}
 22972 | Lair:1   | Identified the ring "Wytiw" {Fire Int+3} (You found it on
                  | level 1 of the Lair of Beasts)
 23206 | Lair:2   | Reached XP level 14. HP: 118/118 MP: 14/14
 23863 | Lair:2   | Found a staircase to the Snake Pit.
 23940 | Lair:2   | Got a faintly glowing ring mail
 24329 | Lair:3   | Got an ancient pewter ring
 24331 | Lair:3   | Identified the ring "Hola" {Wiz rF+ MR+ Slay-4} (You found
                  | it on level 3 of the Lair of Beasts)
 24932 | Lair:3   | Received a gift from Okawaru
 25262 | Lair:3   | Identified the +1 ring mail "Aggana" {Slay+3 Stlth+} (You
                  | found it on level 2 of the Lair of Beasts)
 25598 | Lair:4   | Found a runed translucent gate.
 25598 | Lair:4   | Found a runed translucent gate.
 25598 | Lair:4   | Found a runed translucent gate.
 25601 | Lair:4   | Found a viscous altar of Jiyva.
 25601 | Lair:4   | Noticed lepoulpe303's ghost (journeyman DrHu)
 25654 | Lair:4   | Noticed Kirke
 25736 | Lair:4   | Received a gift from Okawaru
 26025 | Lair:4   | Killed Kirke
 26764 | Lair:4   | Found a staircase to the Swamp.
 26890 | Lair:5   | Found a transporter.
 26891 | Lair:5   | Identified the +9 trident "Killer Klown's Doom" {antimagic,
                  | +Inv rElec Dex+2 Stlth-}
 26891 | Lair:5   | Noticed Dymatry's ghost (journeyman GnWz)
 26995 | Lair:5   | Received a gift from Okawaru
 27051 | Lair:5   | Reached skill level 10 in Armour
 27124 | Lair:5   | Reached ****** piety under Okawaru
 27124 | Lair:5   | Received a gift from Okawaru
 27274 | Lair:5   | Got a faintly glowing ring mail
 27416 | Lair:5   | Found a dark tunnel.
 27427 | Volcano  | Entered a volcano
 27491 | Volcano  | Received a gift from Okawaru
 27495 | Volcano  | Got a dazzling helmet {god gift}
 27506 | Volcano  | Identified the +2 helmet "Luozetam" {-Tele Str+4} (Okawaru
                  | gifted it to you in a volcano)
 27776 | Volcano  | Found a radiant altar of Vehumet.
 28446 | Lair:5   | Found a transporter.
 28491 | Lair:5   | Found a bloodstained altar of Trog.
 29077 | Lair:6   | Entered Level 6 of the Lair of Beasts
 29077 | Lair:6   | Found a radiant altar of Vehumet.
 29458 | Lair:6   | Found a staircase to the Slime Pits.
 29604 | Lair:6   | Reached XP level 15. HP: 124/124 MP: 13/15
 29820 | Lair:6   | Reached skill level 20 in Bows
 30745 | Lair:6   | Found a runed translucent door.
 31430 | Lair:6   | Identified the cursed +0 ring mail of Darkness {rPois} (You
                  | found it on level 5 of the Lair of Beasts)
 31431 | Lair:6   | Identified a scroll of acquirement
 31432 | Lair:6   | Acquired a manual of Fighting
 31855 | Orc:1    | Entered Level 1 of the Orcish Mines
 31855 | Orc:1    | Noticed Snorg
 31857 | Orc:1    | Killed Snorg
 31871 | Orc:1    | Received a gift from Okawaru
 31968 | Orc:1    | Reached skill level 21 in Bows
 32374 | Orc:2    | Entered Level 2 of the Orcish Mines
 32492 | Orc:2    | Found a roughly hewn altar of Beogh.
 32531 | Orc:2    | Noticed an orc warlord
 32542 | Orc:2    | Killed an orc warlord
 32542 | Orc:2    | Received a gift from Okawaru
 32913 | Orc:2    | Found a frozen archway.
 32926 | IceCv    | Entered an ice cave
 33434 | IceCv    | Received a gift from Okawaru
 33751 | IceCv    | Received a gift from Okawaru
 33781 | IceCv    | Got a fine demon blade
 33985 | Orc:2    | Reached skill level 22 in Bows
 33989 | Orc:2    | Paralysed by an orc sorcerer for 2 turns
 34011 | Orc:2    | Received a gift from Okawaru
 34203 | Orc:2    | Found Leuriosa's General Store.
 34203 | Orc:2    | Found Niazei's Distillery.
 34210 | Orc:2    | Found Geleibbu's Jewellery Shop.
 34210 | Orc:2    | Found Ufajut's Armour Emporium.
 34234 | Orc:2    | Bought a cursed ring of teleportation for 67 gold pieces
 34242 | Orc:2    | Bought +1 gold dragon scales for 1305 gold pieces
 34359 | Orc:2    | Found Loufouce's Weapon Boutique.
 34425 | Orc:2    | Found a staircase to the Elven Halls.
 34910 | Snake:1  | Entered Level 1 of the Snake Pit
 34910 | Snake:1  | Identified Roxanne's Volume of Shape Shifting
 34910 | Snake:1  | Noticed Roxanne
 34958 | Lair:2   | Reached skill level 10 in Fighting
 35433 | Swamp:1  | Entered Level 1 of the Swamp
 35433 | Swamp:1  | Noticed Frances
 35452 | Swamp:1  | Killed Frances
 35660 | Swamp:1  | Received a gift from Okawaru
 35757 | Swamp:1  | Reached XP level 16. HP: 130/139 MP: 16/16
 37973 | Swamp:2  | Identified the +8 demon blade of Gehenna {venom, rF- rC+
                  | Str+5} (You found it in an ice cave)
 38304 | Swamp:2  | Found an ornate altar of the Wu Jian Council.
 38779 | Swamp:3  | Reached skill level 15 in Fighting
 39433 | Swamp:3  | Received a gift from Okawaru
 40270 | Swamp:4  | Entered Level 4 of the Swamp
 40280 | Swamp:4  | Noticed a thorn hunter
 40620 | Swamp:4  | Killed a thorn hunter
 40620 | Swamp:4  | Received a gift from Okawaru
 40871 | Swamp:4  | Noticed Donald
 40909 | Swamp:4  | Killed Donald
 41278 | Swamp:4  | Received a gift from Okawaru
 41390 | Swamp:4  | Received a gift from Okawaru
 41528 | Swamp:4  | Reached XP level 17. HP: 55/161 MP: 8/17
 42030 | Swamp:4  | Found a blossoming altar of Fedhas.
 42242 | Swamp:4  | Got a decaying rune of Zot
 42263 | Swamp:4  | Found a basalt altar of Yredelemnul.
 42578 | Swamp:4  | Found a white marble altar of Elyvilon.
 42915 | Vaults:1 | Entered Level 1 of the Vaults
 43076 | Vaults:1 | Received a gift from Okawaru
 43330 | Vaults:1 | Mangled by an ettin

Illustrated notes

Levels and vault maps discovered:
D:1:      psy_arrival_basics, layout_loops_corners
D:2:      layout_basic, first_ration, minivault_27
D:3:      layout_loops_cross
D:4:      layout_basic, uniq_eustachio
D:5:      layout_cave_pools, ebering_ghost_sewer_f,
          minmay_misc_feat_more_columns, minivault_19
D:6:      layout_cave_pools, serial_park, uniq_menkaure
D:7:      layout_loops_ring, minmay_temple_entry_mist, serial_shops,
          nicolae_shop_behind_doors, uniq_harold
D:8:      layout_rooms, nicolae_overflow_crystal_walls, kb_rosetta, uniq_psyche
D:9:      layout_roguey, minmay_orc_entry_guard_dogs
D:10:     layout_gridville, enter_bailey_3
D:11:     layout_basic, due_lair_maze_entry_diamond
D:12:     layout_long_grid, grunt_tengu_nest, library_closet,
          kennysheep_small_circle
D:13:     layout_loops_cross, erik_vaults_1, ebering_ghost_gozag, uniq_sonja
D:14:     layout_roguey, serial_bayou_pond_b, tso_metal_star, uniq_josephine
Temple:   nicolae_temple_the_god_donut
Lair:1:   layout_cellular_growth, gammafunk_ghost_icy, grunt_megastairs_2
Lair:2:   layout_gridlike, dummy_snake_entry, minmay_lair_oklob_chamber
Lair:3:   layout_small_grid, serial_bayou_shore_b
Lair:4:   layout_concentric_octagons, palyth_hydra_swamp_entry,
          gammafunk_ghost_ooze, uniq_kirke
Lair:5:   layout_cave_pods, gammafunk_ghost_wrathful_warriors,
          lightli_volcano_entry_magma_tube
Lair:6:   hangedman_lair_caniforms_friends, layout_regular_city, wormcave,
          slime_dummy, basic_altar, lemuel_fruit_tree
Swamp:1:  layout_basic_swamp, hangedman_swamp_cone, swamp_pool1,
          nicolae_swamp_oklob_treasure_island, uniq_frances
Swamp:2:  layout_basic_swamp, basic_altar, swamp_pool3,
          statue_in_the_mist_lemuel
Swamp:3:  layout_basic_swamp, nicolae_swamp_treefoil
Swamp:4:  byrel_swamp_growth_death_and_undeath, layout_basic_swamp, swamp_pool1,
          nicolae_swamp_godswood, uniq_donald
Snake:1:  layout_cave_shapes, gammafunk_ghost_berserking_beasts,
          serial_bayou_shore_a, uniq_roxanne
Orc:1:    layout_caves, uniq_snorg
Orc:2:    grunt_orc_tribal_feast, layout_caves, serial_shops, shop_fountains,
          portal_ice_cave_entry_imps, mines1_david
Vaults:1: v_alt_pattern_6, dpeg_vaults_monster_row, vaults_dpeg_cross,
          ontoclasm_vaults_spin, hangedman_vaults_capsules,
          vaults_room_large_hall, st_star, nicolae_vaults_little_squares_3,
          nicolae_vaults_little_squares_4, grunt_vaults_swirl,
          nicolae_vaults_little_squares_2, vaults_dpeg_diagonal,
          nicolae_vaults_three_branches, layout_vaults_chaotic_city,
          serial_shops, freezing_bzr

Skill      XL: |  1  2  3  4  5  6  7  8  9 10 11 12 13 14 15 16 17 |
---------------+----------------------------------------------------+-----
Bows           | 6 7 15 16 17 18 19 22 | 22.3
Fighting       | 5 6 8 9 11 17 18 | 18.0
Armour         | 3 4 7 11 | 11.0
Dodging        | 4 |  4.2
Invocations    | 1 |  1.1
Axes           | 7 10 12 | 12.1
Stealth        | |  0.4

Action                   |  1- 3 |  4- 6 |  7- 9 | 10-12 | 13-15 | 16-18 || total
-------------------------+-------+-------+-------+-------+-------+-------++-------
Melee: Short sword       |   129 |    54 |    41 |       |       |       ||   224
       Kick              |    16 |    15 |    96 |   110 |    41 |    78 ||   356
       Mace              |       |       |   249 |   279 |       |       ||   528
       Quarterstaff      |       |       |     2 |       |       |       ||     2
       Battleaxe         |       |       |       |    31 |   134 |    44 ||   209
       Executioner's axe |       |       |       |    16 |       |   196 ||   212
 Fire: Shortbow          |    31 |    27 |   164 |   578 |   123 |       ||   923
       Longbow           |       |       |       |       |  1403 |   495 ||  1898
Throw: Javelin           |       |       |       |    11 |       |       ||    11
Invok: Heroism           |       |       |       |     7 |    14 |     8 ||    29
       Finesse           |       |       |       |       |     1 |       ||     1
Evoke: Wand              |       |       |       |     1 |       |     4 ||     5
  Use: Scroll            |       |     4 |     1 |    18 |    27 |     7 ||    57
       Potion            |       |     2 |     1 |     1 |     1 |     2 ||     7
  Eat: Chunk             |     3 |     3 |    14 |    24 |    34 |     7 ||    85
       Ration            |       |       |       |     1 |     3 |     4 ||     8
Armor: Leather armour    |    47 |    44 |   152 |   237 |    69 |       ||   549
       Ring mail         |       |       |       |       |   205 |       ||   205
       Gold dragon scale |       |       |       |       |    57 |   465 ||   522
Dodge: Dodged            |    68 |    47 |   270 |   276 |   182 |    57 ||   900
Block: Other             |       |       |    36 |   115 |   118 |    75 ||   344
       Reflection        |       |       |     4 |     8 |    10 |     2 ||    24
